 Dungeon Crawl Stone Soup version 0.28-a0-1510-gd0f6b136d3 (webtiles) character file.

Game seed: 7590912195008124799

129 hatsuma the Firebug (level 5, 0/40 HPs)
             Began as a Hill Orc Fire Elementalist on Jan 14, 2022.
             Slain by a river rat (5 damage)
             ... in a sewer.
             The game lasted 00:21:26 (2437 turns).

hatsuma the Firebug (Hill Orc Fire Elementalist)    Turns: 2437, Time: 00:21:27

Health: 0/40       AC:  2    Str: 11    XL:     5   Next: 12%
Magic:  1/7        EV: 12    Int: 17    God:
Gold:   141        SH:  0    Dex: 11    Spells: 4/7 levels left

rFire   . . .      SeeInvis .   o - +0 falchion (drain)
rCold   . . .      Faith    .   (no shield)
rNeg    . . .      Spirit   .   a - +0 robe
rPois   .          Reflect  .   (no helmet)
rElec   .          Harm     .   (no cloak)
rCorr   .          Rampage  .   (no gloves)
Will    .....                   (no boots)
Stlth   ++........              (no amulet)
HPRegen 0.13/turn               (no ring)
MPRegen 0.10/turn               (no ring)

@: no status effects
A: no striking features
a: no special abilities


You were in a sewer.
You visited 1 branch of the dungeon, and saw 3 of its levels.
You also visited: Sewer.

You collected 141 gold pieces.

Inventory:

Hand Weapons
 h - a +0 dagger
 o - a +0 falchion of draining (weapon)
Missiles
 c - 4 javelins
 k - 10 poisoned darts
Armour
 a - a +0 robe (worn)
Scrolls
 b - 3 scrolls of fog
 e - a scroll of vulnerability
 f - a scroll of silence
 g - a scroll of blinking
 i - a scroll of fear {unknown}
 n - a scroll of amnesia {unknown}
Potions
 d - 2 potions of might
 j - a potion of curing {unknown}
 l - a potion of heal wounds {unknown}
 m - a potion of magic {unknown}


   Skills:
 - Level 1.0 Fighting
 - Level 1.5 Dodging
 - Level 1.5 Stealth
 - Level 1.5 Spellcasting
 - Level 2.0 Conjurations
 + Level 5.6 Fire Magic


You had 4 spell levels left.
You knew the following spells:

 Your Spells              Type           Power      Damage    Failure   Level
a - Foxfire               Conj/Fire      56%        2x1d6     4%          1
b - Scorch                Fire           40%        2d7       3%          2

Your spell library contained the following spells:

 Spells                   Type           Power      Damage    Failure   Level
 Conjure Flame            Conj/Fire      14%        6-21      12%         3
 Inner Flame              Hex/Fire       10%        N/A       19%         3
 Flame Wave               Conj/Fire      14%        2d5       38%         4


Dungeon Overview and Level Annotations

Branches:
Dungeon (3/15)              Sewer (1/1)

Altars:


Message History

Confirm with . or Enter, or press ? or * to list all spells.
Flames lash the giant cockroach.
You kill the giant cockroach!
You see here a quokka corpse.
A bat comes into view.
The bat hits you. The bat misses you.
You barely miss the bat. The bat hits you but does no damage.
A goblin comes into view. It is wielding a +0 dagger.
The bat hits you but does no damage. The bat closely misses you.
There is a glowing drain here.
You closely miss the bat. The bat hits you. The bat barely misses you.
The world spins around you as you enter the gateway.
You enter a sewer!
Found a gate leading back out of this place.
There is an empty arch of ancient stone here.
The river rat barely misses you.
You hit the river rat but do no damage. The river rat bites you!
* * * LOW HITPOINT WARNING * * *
Casting: Scorch (safe; 3% risk of failure)
Confirm with . or Enter, or press ? or * to list all spells.
You conjure some foxfire!
The river rat completely misses you.
You hit the river rat. Your punch misses the river rat.
The river rat is lightly wounded.
The foxfire hits the river rat.
The river rat is moderately wounded.
The foxfire hits the river rat.
The river rat is heavily wounded.
The river rat bites you.
* * * LOW HITPOINT WARNING * * *
You hit the river rat but do no damage.
The river rat is heavily wounded.
The river rat bites you.
* * * LOW HITPOINT WARNING * * *
You sense an unholy aura.
o - a +0 falchion of draining (weapon)
You closely miss the river rat.
The river rat is heavily wounded.
The river rat bites you.
You die...

####
##...#
##.....##
........#
......r.#
#.....@#
###.∩###
##


You could see a river rat.

Vanquished Creatures
  Jessica (D:2)
  Natasha (D:3)
  4 adders (D:2)
  A dart slug (D:2)
  2 worms
  2 ball pythons (D:2)
  5 bats
  2 endoplasms (D:2)
  2 giant cockroaches (D:3)
  3 goblins
  2 hobgoblins
  4 kobolds
  2 quokkas (D:3)
  4 frilled lizards
  4 rats
39 creatures vanquished.

Vanquished Creatures (others)
  42 foxfires
42 creatures vanquished.

Grand Total: 81 creatures vanquished

Notes
Turn   | Place    | Note
-------+----------+-------------------------------------------
     0 | D:1      | hatsuma the Hill Orc Fire Elementalist began the quest for
                  | the Orb.
     0 | D:1      | Reached XP level 1. HP: 14/14 MP: 3/3
    66 | D:1      | Reached skill level 1 in Fighting
   144 | D:1      | Reached XP level 2. HP: 23/23 MP: 1/4
   147 | D:1      | Learned a level 2 spell: Scorch
   715 | D:2      | Reached skill level 4 in Fire Magic
   808 | D:2      | Noticed Jessica
   926 | D:2      | Killed Jessica
   927 | D:2      | Reached XP level 3. HP: 28/28 MP: 1/5
   990 | D:2      | Reached skill level 5 in Fire Magic
  1216 | D:2      | Reached XP level 4. HP: 23/35 MP: 0/6
  2304 | D:3      | Noticed Natasha
  2309 | D:3      | Killed Natasha
  2310 | D:3      | Reached XP level 5. HP: 40/40 MP: 3/7
  2408 | D:3      | Found a glowing drain.
  2423 | Sewer    | Entered a sewer
  2437 | Sewer    | Slain by a river rat

Illustrated notes

Levels and vault maps discovered:
D:1:      noname_arrival_rooms_in_the_neighbourhood, layout_rooms
D:2:      minmay_chambers_of_twos, layout_basic, hangedman_decor_points,
          uniq_jessica
D:3:      layout_loops_ring, lemuel_round_altar, serial_shops,
          nicolae_square_shop, portal_sewer_entry_f,
          ebering_ecumenical_altar_abandoned, uniq_crazy_yiuf_cottage,
          uniq_natasha
Sewer:    sewer_fruit_machine

Skill      XL: |  1  2  3  4 |
---------------+-------------+-----
Fighting       | 1 |  1.0
Fire Magic     | 4 5 |  5.6
Conjurations   | 2 |  2.0
Dodging        | |  1.5
Stealth        | |  1.5
Spellcasting   | |  1.5

Action                   |  1- 3 |  4- 6 || total
-------------------------+-------+-------++-------
Melee: Unarmed           |     3 |       ||     3
       Dagger            |    21 |    17 ||    38
       Falchion          |       |     1 ||     1
 Cast: Foxfire           |    16 |    10 ||    26
       Scorch            |     8 |    14 ||    22
  Use: Scroll            |     4 |     1 ||     5
 Stab: Sleeping          |       |     3 ||     3
Armor: Robe              |     6 |     6 ||    12
Dodge: Dodged            |    26 |    14 ||    40

Table legend: (Time is in decaauts)
 A = Elapsed time spent in this place.
 B = Non-inter-level travel time spent in this place.
 C = Inter-level travel time spent in this place.
 D = Time resting spent in this place.
 E = Time spent auto-exploring this place.
 F = Levels seen in this place.
 G = Mean time per level.
                   A        B        C        D        E       F      G
               +--------+--------+--------+--------+--------+-----+--------+
         Total |   2439 |   2382 |     57 |    540 |   1216 |   4 |  609.8 |
       Dungeon |   2426 |   2369 |     57 |    540 |   1216 |   3 |  808.7 |
         Sewer |     13 |     13 |      0 |      0 |      0 |   1 |   13.0 |
               +--------+--------+--------+--------+--------+-----+--------+

Top non-repeatable levels by time:
     D:2: 1705 daAuts
     D:1: 636 daAuts
     D:3: 84 daAuts
   Sewer: 13 daAuts
